 Dungeon Crawl Stone Soup version 0.19-a0-4-ga5c5ac4 (webtiles) character file.

14760 Mefis the Thaumaturge (level 11, -4/54 HPs)
             Began as a Deep Elf Wizard on Apr 28, 2016.
             Was an Elder of Sif Muna.
             Killed by divine providence
             ... invoked by an orc priest
              (13 damage)
             ... on level 1 of the Orcish Mines.
             The game lasted 02:37:20 (20402 turns).

Mefis the Thaumaturge (Deep Elf Wizard)            Turns: 20402, Time: 02:37:20

Health: -4/54      AC:  4    Str:  4    XL:     11   Next: 93%
Magic:  13/26      EV: 13    Int: 32    God:    Sif Muna [****..]
Gold:   364        SH:  0    Dex: 20    Spells: 10 memorised, 1 level left

rFire  . . .     SeeInvis .     Q - +4 shortbow
rCold  . . .     Gourm    .     U - +0 robe
rNeg   . . .     Faith    .     (shield currently unavailable)
rPois  +         Spirit   .     L - +0 helmet {Int+3}
rElec  .         Dismiss  .     (no cloak)
rCorr  .         Reflect  .     u - +0 pair of gloves
SustAt .         Harm     .     (no boots)
MR     +....                    (no amulet)
Stlth  ++++......               C - ring of wizardry
                                y - +5 ring of dexterity

@: somewhat resistant to hostile enchantments, stealthy
A: agile 1, clever 1, poison resistance
a: Channel Energy, Forget Spell, Renounce Religion


You were on level 1 of the Orcish Mines.
You worshipped Sif Muna.
Sif Muna was greatly pleased with you.
You were not hungry.

You visited 4 branches of the dungeon, and saw 14 of its levels.

You collected 364 gold pieces.

Inventory:

Hand Weapons
 n - a +0 hunting sling
 Q - a +4 shortbow (weapon)
Missiles
 z - 4 poisoned javelins
 G - 7 javelins
 K - 18 tomahawks
 M - 132 arrows (quivered)
Armour
 b - a +0 hat
 u - a +0 pair of gloves (worn)
 L - a +0 helmet of intelligence (worn)
 U - a +0 robe (worn)
Jewellery
 f - an uncursed ring of flight
 k - a +3 ring of slaying
 y - a +5 ring of dexterity (left hand)
 C - a ring of wizardry (right hand)
Wands
 t - a wand of digging (17/24)
 N - a wand of lightning (6/15)
 S - a wand of lightning (10/15)
Scrolls
 i - 2 scrolls of amnesia
 q - a scroll of fog
 r - 2 scrolls of remove curse
 s - 3 scrolls of teleportation
 E - a scroll of fear
 R - a scroll of blinking
 X - 2 scrolls of immolation {unknown}
 Y - a scroll of random uselessness {unknown}
 Z - a scroll of brand weapon {unknown}
Potions
 e - a potion of ambrosia {unknown}
 h - 2 potions of berserk rage
 l - a potion of mutation {unknown}
 v - a potion of haste {unknown}
 w - a potion of curing {unknown}
 x - a potion of agility {unknown}
 D - a potion of resistance {unknown}
 F - a potion of lignification {unknown}
 P - a potion of magic {unknown}
 V - a potion of cancellation {unknown}
Books
 c - a book of Minor Magic

   Spells                             Type                      Level
   a - Magic Dart                     Conjuration                  1
   b - Blink                          Translocation                2
   c - Call Imp                       Summoning                    2
   d - Repel Missiles                 Charms/Air                   2
   e - Slow                           Hexes                        2
   f - Conjure Flame                  Conjuration/Fire             3
   g - Mephitic Cloud                 Conjuration/Poison/Air       3
 m - a book of Changes

   Spells                             Type                      Level
   a - Beastly Appendage              Transmutation                1
   b - Sticks to Snakes               Transmutation                2
   c - Spider Form                    Transmutation/Poison         3
   d - Ice Form                       Ice/Transmutation            4
   e - Blade Hands                    Transmutation                5
 A - a book of the Earth

   Spells                             Type                      Level
   a - Leda's Liquefaction            Hexes/Earth                  4
   b - Bolt of Magma                  Conjuration/Fire/Earth       5
   c - Statue Form                    Transmutation/Earth          6
   d - Iron Shot                      Conjuration/Earth            6
   e - Shatter                        Earth                        9
Comestibles
 d - 3 bread rations
 g - 4 beef jerkies
 j - 2 royal jellies
 o - 3 meat rations
 B - a slice of pizza
 H - 30 fruits


   Skills:
   Level 2.0 Staves
 + Level 5.3 Bows
 - Level 4.1 Throwing
 + Level 7.2 Dodging
 + Level 7.9 Stealth
   Level 1.4 Shields
 + Level 9.5 Spellcasting
 + Level 6.8 Conjurations
 - Level 6.0 Hexes
 + Level 2.2 Charms
 + Level 6.3 Summonings
 + Level 6.9 Translocations
 + Level 3.7 Transmutations
 - Level 4.2 Fire Magic
 * Level 4.2 Earth Magic
 - Level 5.0 Poison Magic
 + Level 3.7 Invocations
 + Level 1.0 Evocations


You had one spell level left.
You knew the following spells:

 Your Spells              Type           Power        Failure   Level  Hunger
a - Magic Dart            Conj           ####         1%          1    None
b - Call Imp              Summ           ######..     1%          2    None
c - Blink                 Tloc           N/A          1%          2    None
d - Iron Shot             Conj/Erth      ######....   32%         6    #####..
e - Mephitic Cloud        Conj/Pois/Air  #####...     1%          3    None
f - Conjure Flame         Conj/Fire      ######..     1%          3    None
g - Slow                  Hex            ######..     1%          2    None
h - Repel Missiles        Chrm/Air       ###...       1%          2    None
i - Sticks to Snakes      Trmt           #####...     1%          2    None
s - Bolt of Magma         Conj/Fire/Erth #####.....   6%          5    ###....


Dungeon Overview and Level Annotations

Branches:
Dungeon (9/15)             Temple (1/1) D:7            Lair (3/8) D:9
    Orc (1/2) D:9
  Swamp: Lair:3-6    Shoals: Lair:3-6     Snake: Lair:3-6    Spider: Lair:3-6

Altars:
Ashenzari
Cheibriados
Dithmenos
Elyvilon
Fedhas
Gozag
Kikubaaqudgha
Makhleb
Nemelex Xobeh
Okawaru
Pakellas
Qazlal
Ru
Sif Muna
Trog
Vehumet
Xom
Yredelemnul
Zin
The Shining One

Shops:
D:9 *

Annotations:
Orc:1 Fannar


Innate Abilities, Weirdness & Mutations

You are agile. (Dex +2)
Your mind is acute. (Int +2)
Your system is resistant to poisons.


Message History

Aiming: Magic Dart
Press: ? - help, Shift-Dir - straight line, f/p - orc
Aim: an orc, wielding a flail (heavily wounded)
The magic dart hits the orc.
The orc is heavily wounded.
Your crimson imp hits Fannar but does no damage.
The ogre screams, "I'll kill you anyway!"
Fannar points at you and mumbles some strange words.
The bolt of cold hits you!
Ouch! That really hurt!
* * * LOW HITPOINT WARNING * * *
The orc warrior is engulfed in noxious fumes.
The orc warrior appears confused.
The orc closely misses you.
Your crimson imp barely misses Fannar.
Your crimson imp barely misses Fannar.
Fannar gestures wildly while chanting.
The orc warrior is engulfed in noxious fumes.
The orc priest invokes the aid of Beogh against you.
Beogh smites you!
You die...

.....#.$ .
....... ..
..... ...##
.... .O.#
##..####
oo##......##
#.##..o...#
#.#..o#§§§....
#....@Y§oo....
#..#....§§....
#..###..e5.###.
.... ...5.##
...# #.....#
#.. .......# #.
#.O...#.#
.........


You could see Fannar, 2 orc warriors, an ice beast, 2 ogres, 2 orc priests, 2
orcs and 2 friendly crimson imps.

Vanquished Creatures
  2 hydras (Lair:1)
  Pikel (D:5)
  A hill giant (D:8)
  2 black mambas
  6 spiny frogs
  A komodo dragon (Lair:2)
  2 trolls (D:9)
  2 blink frogs (Lair:2)
  A slime creature (Lair:1)
  Sigmund (D:2)
  A wyvern (D:9)
  A basilisk (Lair:1)
  Grum (D:8)
  7 yaks
  2 hippogriffs
  2 water moccasins (Lair:1)
  Duvessa (D:6)
  9 porcupines
  2 sky beasts (D:7)
  7 orc warriors
  An ice beast (D:7)
  2 phantoms (D:8)
  3 black bears
  A necrophage (D:9)
  2 ogres
  5 wolves
  4 centaurs
  5 crocodiles
  A big kobold (D:7)
  3 giant frogs
  Dowan (D:6)
  3 scorpions
  2 howler monkeys
  2 crimson imps
  A giant frog zombie (D:6)
  15 jellies
  3 hounds
  7 orc priests
  A centaur skeleton (D:5)
  4 iguanas
  7 orc wizards
  7 worker ants
  9 adders
  9 gnolls
  35 river rats
  6 shadow imps
  14 oozes
  2 adder skeletons
  2 adder zombies (D:9)
  2 worms
  2 dart slugs (D:1)
  2 giant geckos
  41 orcs
  A ball python (D:6)
  8 bats
  3 giant cockroaches
  15 goblins
  9 hobgoblins
  4 jackals
  3 quokkas
  A giant gecko skeleton (D:5)
  A giant gecko zombie (D:5)
  8 giant newts
  9 kobolds
  19 rats
337 creatures vanquished.

Vanquished Creatures (collateral kills)
  The ghost of beholder the Skirmisher, a novice FoAK of Lugonu (D:5)
  A blink frog (Lair:2)
  A hungry ghost (D:7)
  A phantom (D:5)
  A jelly (D:9)
  A hound (D:4)
  A hound skeleton (D:5)
  A gnoll (D:2)
  2 adders
  3 river rats (Lair:2)
  5 worms
  2 giant geckos
  2 orcs (D:4)
  3 giant cockroaches
  2 goblins (D:2)
  4 hobgoblins
  A kobold (D:3)
  A quokka (D:2)
  A rat (D:3)
34 creatures vanquished.

Vanquished Creatures (others)
  A yak (Lair:1)
  An ice beast (D:5)
  A slave (D:5)
  2 orcs (D:5)
  25 fungi
  17 plants
47 creatures vanquished.

Grand Total: 418 creatures vanquished

Notes
Turn   | Place    | Note
--------------------------------------------------------------
     0 | D:1      | Mefis the Deep Elf Wizard began the quest for the Orb.
     0 | D:1      | Reached XP level 1. HP: 10/10 MP: 7/7
   240 | D:1      | Reached XP level 2. HP: 15/15 MP: 5/9
   244 | D:1      | Learned a level 2 spell: Call Imp
   247 | D:1      | Learned a level 2 spell: Blink
   250 | D:1      | Learned a level 2 spell: Repel Missiles
  1388 | D:2      | Reached XP level 3. HP: 19/19 MP: 6/11
  1393 | D:2      | Learned a level 3 spell: Mephitic Cloud
  1638 | D:2      | Reached skill level 5 in Spellcasting
  2034 | D:2      | Noticed Sigmund
  2774 | D:2      | Killed Sigmund
  2774 | D:2      | Reached skill level 1 in Poison Magic
  2774 | D:2      | Reached XP level 4. HP: 24/24 MP: 2/13
  2774 | D:2      | Reached XP level 5. HP: 28/28 MP: 2/14
  2826 | D:2      | HP: 1/28 [gnoll/spear (6)]
  3515 | D:3      | Learned a level 3 spell: Conjure Flame
  3518 | D:3      | Learned a level 2 spell: Slow
  3935 | D:3      | Reached XP level 6. HP: 32/32 MP: 8/16
  4659 | D:4      | Reached skill level 1 in Hexes
  4659 | D:4      | Reached skill level 1 in Fire Magic
  5005 | D:4      | Found a blossoming altar of Fedhas.
  5307 | D:5      | Entered Level 5 of the Dungeon
  5494 | D:5      | Reached skill level 1 in Throwing
  5613 | D:5      | Noticed a slave
  5615 | D:5      | Noticed a slave
  5617 | D:5      | Noticed a slave
  5624 | D:5      | Noticed a slave
  5625 | D:5      | Noticed Pikel
  5767 | D:5      | Noticed beholder's ghost (novice FoAK)
  5814 | D:5      | Killed beholder's ghost
  5814 | D:5      | Reached skill level 6 in Spellcasting
  5814 | D:5      | Reached XP level 7. HP: 36/36 MP: 5/18
  6066 | D:5      | Killed Pikel
  6066 | D:5      | Reached skill level 5 in Stealth
  6066 | D:5      | Reached XP level 8. HP: 31/41 MP: 6/19
  6776 | D:6      | Found an opulent altar of Gozag.
  6988 | D:6      | Found a stormy altar of Qazlal.
  6991 | D:6      | Noticed an air elemental
  7200 | D:6      | Noticed Duvessa
  7200 | D:6      | Noticed Dowan
  7210 | D:6      | Killed Duvessa
  7220 | D:6      | Killed Dowan
  7220 | D:6      | Reached skill level 1 in Shields
  7816 | D:7      | Reached skill level 1 in Bows
  7816 | D:7      | Reached skill level 5 in Dodging
  7816 | D:7      | Reached skill level 7 in Spellcasting
  8121 | D:7      | Reached skill level 1 in Staves
  8121 | D:7      | Reached XP level 9. HP: 45/45 MP: 21/21
  8438 | D:7      | Found an opulent altar of Gozag.
  8680 | D:7      | Found a staircase to the Ecumenical Temple.
  8691 | Temple   | Entered the Ecumenical Temple
  8750 | Temple   | Became a worshipper of Sif Muna the Loreminder
  8862 | Temple   | Gained mutation: Your system is resistant to poisons. [potion of beneficial mutation]
  8864 | Temple   | Gained mutation: You are agile. (Dex +2) [potion of beneficial mutation]
  8865 | Temple   | Gained mutation: Your mind is acute. (Int +2) [potion of beneficial mutation]
  9108 | D:7      | Found a glowing golden altar of the Shining One.
  9242 | D:8      | Learned a level 3 spell: Spider Form
  9245 | D:8      | Learned a level 2 spell: Sticks to Snakes
  9993 | D:8      | Noticed Grum
 10002 | D:8      | Killed Grum
 10002 | D:8      | Reached * piety under Sif Muna
 10210 | D:8      | Noticed a hill giant
 10221 | D:8      | Reached skill level 5 in Hexes
 10247 | D:8      | Killed a hill giant
 10247 | D:8      | Reached skill level 5 in Conjurations
 10247 | D:8      | Reached XP level 10. HP: 50/50 MP: 4/23
 10253 | D:8      | Reached skill level 5 in Translocations
 10737 | D:8      | Found a blossoming altar of Fedhas.
 10896 | D:9      | Found a staircase to the Orcish Mines.
 11530 | D:9      | Reached ** piety under Sif Muna
 11530 | D:9      | Reached skill level 8 in Spellcasting
 11530 | D:9      | Reached skill level 1 in Transmutations
 11530 | D:9      | Reached skill level 1 in Evocations
 11948 | D:9      | Found a staircase to the Lair.
 11955 | D:9      | Learned a level 5 spell: Bolt of Magma
 12845 | D:9      | Reached skill level 5 in Poison Magic
 13032 | D:9      | Found an ancient bone altar of Kikubaaqudgha.
 13080 | D:9      | Found a burning altar of Makhleb.
 13081 | D:9      | Found a sparkling altar of Nemelex Xobeh.
 13082 | D:9      | Found an oddly glowing altar of Pakellas.
 13178 | D:9      | Found a radiant altar of Vehumet.
 13500 | D:9      | Reached skill level 1 in Earth Magic
 13604 | D:9      | Found Cuen's Elemental Accessories.
 13609 | D:9      | Reached skill level 5 in Summonings
 13609 | D:9      | Reached skill level 1 in Invocations
 13868 | D:9      | Found a bloodstained altar of Trog.
 13869 | D:9      | Found an iron altar of Okawaru.
 14063 | Orc:1    | Entered Level 1 of the Orcish Mines
 14063 | Orc:1    | Noticed Fannar
 14118 | Lair:1   | Entered Level 1 of the Lair of Beasts
 15301 | Lair:1   | Noticed a five-headed hydra
 15573 | Lair:1   | Killed a five-headed hydra
 15573 | Lair:1   | Reached *** piety under Sif Muna
 15573 | Lair:1   | Reached XP level 11. HP: 38/54 MP: 12/25
 17293 | Lair:1   | Reached skill level 9 in Spellcasting
 17413 | Lair:1   | Noticed a five-headed hydra
 17541 | Lair:1   | Killed a five-headed hydra
 17541 | Lair:1   | Reached **** piety under Sif Muna
 17871 | Lair:2   | Reached skill level 5 in Bows
 18042 | Lair:2   | Reached skill level 1 in Charms
 19490 | Lair:2   | Found a burning altar of Makhleb.
 19923 | Lair:2   | Learned a level 6 spell: Iron Shot
 20395 | Orc:1    | Noticed an orc knight
 20402 | Orc:1    | Killed from afar by an orc priest

Vault maps used:
D:1:      nagdon_arrival_double_spiral
D:2:      minmay_goblin_kobold_house, uniq_sigmund
D:4:      first_bread, fedhas_altar_fruit_tree
D:5:      serial_glass, glass_columns_a, glass_columns_a, uniq_pikel
D:6:      nicolae_gozag_cash_rules_everything_around_me,
          nicolae_qazlal_style_of_elements, uniq_duvessa
D:7:      tso_altar, minmay_temple_entry_butterflies, basic_altar
D:8:      hangedman_tree_tricks, uniq_grum
D:9:      grunt_temple_overflow_bloody_war, lemuel_doored_altar,
          nicolae_overflow_quartered_altars, grunt_lair_entry_orc_guard_hut,
          david_orc_2, nicolae_elemental_shop
Temple:   roderic_octagonal_lattice_temple
Lair:1:   lemuel_slime, grunt_forest_large_clearings
Lair:2:   basic_altar, beast_lair_carwin_4
Lair:3:   cheibrodos_lair_reptile_den
Orc:1:    serial_shops, nicolae_shop_crystal, uniq_fannar

Skill      XL: |  1  2  3  4  5  6  7  8  9 10 11 |
---------------+----------------------------------+-----
Stealth        | 3 4 5 6 7 |  7.9
Conjurations   | 2 3 4 5 6 |  6.8
Spellcasting   | 5 6 7 8 9 |  9.5
Dodging        | 3 4 5 6 7 |  7.2
Translocations | 2 3 4 5 6 |  6.9
Poison Magic   | 1 2 3 4 5 |  5.0
Summonings     | 2 3 4 5 6 |  6.3
Hexes          | 2 3 5 6 |  6.0
Fire Magic     | 2 4 |  4.2
Throwing       | 1 2 3 4 |  4.1
Shields        | 1 |  1.4
Bows           | 1 2 4 5 |  5.3
Staves         | 1 2 |  2.0
Transmutations | 2 3 |  3.7
Evocations     | 1 |  1.0
Earth Magic    | 2 4 |  4.2
Invocations    | 2 3 |  3.7
Charms         | 2 |  2.2

Action                   |  1- 3 |  4- 6 |  7- 9 | 10-12 || total
-------------------------+-------+-------+-------+-------++-------
Melee: Unarmed           |     5 |       |    20 |       ||    25
 Fire: Hunting sling     |     7 |     8 |    24 |       ||    39
       Shortbow          |       |       |   102 |   336 ||   438
Throw: Stone             |       |       |     9 |       ||     9
 Cast: Magic Dart        |    98 |   112 |   205 |   311 ||   726
       Call Imp          |    16 |    25 |     9 |    18 ||    68
       Repel Missiles    |     2 |       |     2 |     1 ||     5
       Mephitic Cloud    |     6 |    13 |    32 |    44 ||    95
       Blink             |     2 |     2 |     4 |     7 ||    15
       Conjure Flame     |       |     3 |    18 |    54 ||    75
       Slow              |       |     1 |       |    12 ||    13
       Spider Form       |       |       |     4 |     1 ||     5
       Sticks to Snakes  |       |       |     2 |     1 ||     3
       Bolt of Magma     |       |       |       |    94 ||    94
       Iron Shot         |       |       |       |     2 ||     2
Invok: Channel Energy    |       |       |       |    12 ||    12
 Abil: Evoke Flight      |     1 |       |       |       ||     1
  Use: Scroll            |       |     4 |     7 |    14 ||    25
       Potion            |       |       |     5 |     1 ||     6
 Stab: Confused          |       |       |     1 |       ||     1
  Eat: Chunk             |     3 |     5 |     9 |    32 ||    49
       Bread ration      |     1 |       |       |     2 ||     3
       Fruit             |       |     2 |       |     9 ||    11
       Meat ration       |       |       |     2 |       ||     2
Armor: Robe              |     5 |     2 |    13 |     8 ||    28
Dodge: Dodged            |    34 |    18 |    61 |   109 ||   222
       Deflected         |     2 |       |     4 |     7 ||    13
